 Dungeon Crawl Stone Soup version 0.27-a0-797-g27d10ad80f (webtiles) character file.

Game seed: 8715866789785836986

4 sizableburger the Caller (level 1, -2/13 HPs)
             Began as a Mummy Summoner on Mar 27, 2021.
             Hit by a javelin thrown by a hobgoblin (9 damage)
             ... on level 1 of the Dungeon.
             The game lasted 00:01:23 (119 turns).

sizableburger the Caller (Mummy Summoner)            Turns: 119, Time: 00:01:24

Health: -2/13      AC:  2    Str: 11    XL:     1   Next: 50%
Magic:  1/4        EV: 12    Int: 14    God:
Gold:   0          SH:  0    Dex: 12    Spells: 4/5 levels left

rFire    x . .     SeeInvis .   e - +0 whip
rCold    + . .     Faith    .   (no shield)
rNeg     + + +     Spirit   .   a - +0 robe
rPois    ∞         Reflect  .   (no helmet)
rElec    .         Harm     .   (no cloak)
rCorr    .         Rampage  .   (no gloves)
Will     .....                  (no boots)
Stlth    ++........             d - amulet of regeneration
HPRegen  1.04/turn              (no ring)
MPRegen  0.09/turn              (no ring)

@: no status effects
A: cold resistance 1, negative energy resistance 3, torment resistance 2,
unbreathing 1, heat vulnerability 1, no potions
a: no special abilities


You were on level 1 of the Dungeon.
You visited 1 branch of the dungeon, and saw 1 of its levels.

Inventory:

Hand Weapons
 e - a +0 whip (weapon)
Armour
 a - a +0 robe (worn)
Jewellery
 d - an amulet of regeneration (around neck)
Scrolls
 b - a scroll of teleportation {unknown}
 c - a scroll of brand weapon {unknown}


   Skills:
 + Level 0.1 Fighting
 + Level 0.1 Maces & Flails
 - Level 1.6 Dodging
 - Level 1.5 Stealth
 - Level 2.6 Spellcasting
 + Level 3.3 Summonings


You had 4 spell levels left.
You knew the following spells:

 Your Spells              Type           Power      Damage    Failure   Level
a - Summon Small Mammal   Summ           44%        N/A       5%          1

Your spell library contained the following spells:

 Spells                   Type           Power      Damage    Failure   Level
 Call Imp                 Summ           11%        N/A       9%          2
 Call Canine Familiar     Summ           11%        N/A       17%         3
 Summon Guardian Golem    Hex/Summ       6%         N/A       32%         3
 Summon Ice Beast         Ice/Summ       6%         N/A       73%         4
 Summon Lightning Spire   Summ/Air       6%         N/A       73%         4


Dungeon Overview and Level Annotations

Branches:
Dungeon (1/15)

Altars:


Innate Abilities, Weirdness & Mutations

You are immune to poison.
Your flesh is cold resistant. (rC+)
You are immune to negative energy. (rN+++)
You are immune to unholy pain and torment.
You can survive without breathing.
You are vulnerable to heat. (rF-)
You do not drink.


Message History

The javelin barely misses you.
Unknown command.
What are your orders? t - Shout!
Orders for allies: a - Attack new target. r - Retreat! s - Stop attacking. g - Guard the area. f - Follow me.
Anything else - Cancel.
Gang up on whom?
Press: ? - help, Dir - move target, f - hobgoblin
Aim: a hobgoblin, quivering javelins (ally target) Attack!
Your bat hits the hobgoblin. The hobgoblin closely misses your bat.
Unknown command.
Your bat hits the hobgoblin but does no damage.
The hobgoblin closely misses your bat.
Your bat closely misses the hobgoblin.
The hobgoblin throws a javelin.
The javelin closely misses your quokka.
The javelin pierces through your quokka.
Your quokka dies!
Your quokka's corpse disappears in a puff of smoke!
The javelin barely misses you.
Your bat hits the hobgoblin but does no damage.
Casting: Summon Small Mammal (safe; 5% risk of failure)
Confirm with . or Enter, or press ? or * to list all spells.
You don't have enough magic to cast this spell.
Unknown command.
The hobgoblin closely misses your quokka.
Your quokka bites the hobgoblin.
Your bat hits the hobgoblin but does no damage.
The hobgoblin throws a javelin.
The javelin closely misses your quokka. The javelin pierces through you!
Ouch! That really hurt!
Your quokka closely misses the hobgoblin.
Your bat hits the hobgoblin but does no damage.
Your bat closely misses the hobgoblin.
Your quokka closely misses the hobgoblin.
The hobgoblin throws a javelin.
The javelin misses your quokka. The javelin pierces through you!
Ouch! That really hurt!
You die...

#)........###..
#.........# .#
#..#####..# ..#
#b.# #..###..#
#(.# #.......#
#g.# #.<.....#
#r†# #.......#
#..# #...##..#
#.@#####...##..#
#..............#
#..............#
#..............#
################


You could see a hobgoblin (ally target), a friendly quokka (summoned) and a
friendly bat (summoned).

Vanquished Creatures
  An endoplasm (D:1)
1 creature vanquished.

Vanquished Creatures (collateral kills)
  2 jackals (D:1)
  2 kobolds (D:1)
4 creatures vanquished.

Grand Total: 5 creatures vanquished

Notes
Turn   | Place    | Note
-------+----------+-------------------------------------------
     0 | D:1      | sizableburger the Mummy Summoner began the quest for the
                  | Orb.
     0 | D:1      | Reached XP level 1. HP: 13/13 MP: 4/4
   119 | D:1      | Hit by a javelin thrown by a hobgoblin

Illustrated notes

Levels and vault maps discovered:
D:1:      dpeg_arrival_boxorama, layout_rooms, st_stairs_6, due_unseen_surprise

Action                   || total
-------------------------++-------
Melee: Whip              ||     2
 Cast: Summon Small Mamm ||     8
Dodge: Dodged            ||     5

Table legend: (Time is in decaauts)
 A = Elapsed time spent in this place.
 B = Non-inter-level travel time spent in this place.
 C = Inter-level travel time spent in this place.
 D = Time resting spent in this place.
 E = Time spent auto-exploring this place.
 F = Levels seen in this place.
 G = Mean time per level.
                   A        B        C        D        E       F      G
               +--------+--------+--------+--------+--------+-----+--------+
         Total |    118 |    118 |      0 |      6 |     32 |   1 |  118.0 |
       Dungeon |    118 |    118 |      0 |      6 |     32 |   1 |  118.0 |
               +--------+--------+--------+--------+--------+-----+--------+

Top non-repeatable levels by time:
     D:1: 118 daAuts
